cohdb
Replays
Latest Replays
All Replays
Popular Replays
Top Player Replays
Match Explorer
How It Works
Community
CoH3 Stats
Reddit
Sign in to upload your games and track your stats! →
Sign in with Steam
Match 21590757
Unlisted
Match 21590757
Overview
Messages
Build Orders
End
Construct Section Command Post
Infantry Section
Selects Indian Artillery Battlegroup
Infantry Section
Infantry Section
Infantry Section
Construct Platoon Command Post
Selects Valour
Humber Armored Car
Construct Field Infirmary
Selects Gurkha Rifles Section
Humber Armored Car
Gurkha Rifles Section
Selects Artillery Saturation
Humber Armored Car
Selects Off-map Airburst Barrage
Construct Company Command Post
Grenade Package
Matilda II Heavy Tank
Selects Perimeter Monitor
Royal Engineer Section
Matilda II Heavy Tank
Selects Pillage
Mr. Postman
Sof Ya Nos
0
0
Comments
sign in to comment!
No comments posted yet!